 Dungeon Crawl Stone Soup version 0.31.0-32-g396128a36d (webtiles) character file.

Game seed: 1601970574275423852

185 spaghetti the Sneak (level 5, -3/51 HPs)
             Began as a Naga Chaos Knight on Mar 22, 2024.
             Was a Plaything of Xom.
             Frozen to death by an endoplasm (4 damage)
             ... on level 5 of the Dungeon.
             The game lasted 00:03:44 (2891 turns).

spaghetti the Sneak (Naga Chaos Knight)             Turns: 2891, Time: 00:03:44

Health: -3/51      AC:  6    Str: 14    XL:     5   Next: 64%
Magic:  5/5        EV:  9    Int: 13    God:    Xom [....*.]
Gold:   226        SH:  0    Dex: 12    Spells: 4/4 levels left

rFire   . . .        o - +1 club (chaos)
rCold   . . .        (no shield)
rNeg    + . .        b - +2 leather armour
rPois   +            (no helmet)
rElec   .            (no cloak)
rCorr   .            l - +0 pair of gloves
SInv    +            (no barding)
Will    .....        (no amulet)
Stlth   +++          n - ring of positive energy
HPRegen 0.28/turn    j - ring of flight
MPRegen 0.09/turn

%: no passive effects
@: short of breath, flying, very slow
A: AC +1, large, see invisible, deformed body, poison resistance, slowness 2,
spit poison 1, naga tail 1
a: Spit Poison, Renounce Religion


You were on level 5 of the Dungeon.
You worshipped Xom.
You were a beloved toy of Xom.
You visited 1 branch of the dungeon, and saw 5 of its levels.

You collected 226 gold pieces.

Inventory:

Hand Weapons
 a - a +0 spear of chaos
 g - a +1 dagger of protection
 o - a +1 club of chaos (weapon)
Missiles
 q - a throwing net
Armour
 b - a +2 leather armour (worn)
 k - a +1 pair of gloves
 l - a +0 pair of gloves (worn)
Jewellery
 j - a ring of flight (right hand)
 n - a ring of positive energy (left hand)
Wands
 h - a wand of polymorph (5)
Scrolls
 e - 2 scrolls of immolation {unknown}
 f - 2 scrolls of teleportation {unknown}
 m - 2 scrolls of identify {unknown}
 p - 2 scrolls of enchant armour {unknown}
 r - a scroll of summoning {unknown}
Potions
 d - 3 potions of curing
 i - a potion of haste


   Skills:
 + Level 4.8 Fighting
 - Level 3.0 Polearms
 - Level 1.5 Armour
 - Level 0.7 Dodging
 + Level 5.7 Stealth


You had 4 spell levels left.
You didn't know any spells.
Your spell library contained the following spells:

 Spells                   Type           Power      Damage    Failure   Level
 Apportation              Tloc           0%         N/A       36%         1
 Jinxbite                 Hex            0%         N/A       50%         2
 Alistair's Intoxication  Alch           0%         N/A       100%        5


Dungeon Overview and Level Annotations

Branches:
Dungeon (5/15)
 Temple: D:4-7

Altars:
Xom

Shops:
D:1 [


Innate Abilities, Weirdness & Mutations

Your serpentine skin is tough. (AC +1)
You have supernaturally acute eyesight. (SInv)
Armour fits poorly on your strangely shaped body.
Your system is resistant to poisons. (rPois)
You cover ground very slowly.
You can spit poison.
You have a snake-like lower body.


Message History

The endoplasm hits you but does no damage.
You hit the iguana.
The iguana is heavily wounded.
The iguana bites you.
* * * LOW HITPOINT WARNING * * *
The endoplasm barely misses you. The iguana closely misses you.
Aiming: Spit Poison (1% risk of failure)
Press: ? - help, Shift-Dir - straight line, f - iguana
Aim: an iguana (heavily wounded, unusually resistant, poisoned, 65% to hit)
The splash of poison hits the iguana but does no damage.
The iguana is heavily wounded.
The endoplasm completely misses you.
The iguana bites you but does no damage.
Unknown command.
You barely miss the iguana.
The iguana is heavily wounded.
The iguana looks more healthy.
The endoplasm freezes you.
You are frozen.
* * * LOW HITPOINT WARNING * * *
The iguana bites you.
* * * LOW HITPOINT WARNING * * *
The endoplasm closely misses you.
You hit the iguana but do no damage.
The iguana becomes as fragile as glass!
The iguana is heavily wounded.
The iguana bites you.
* * * LOW HITPOINT WARNING * * *
The endoplasm freezes you.
You are frozen.
* * * LOW HITPOINT WARNING * * *
Unknown command.
Okay, then.
As you read the scroll of butterflies, it crumbles to dust.
You hear the flapping of tiny wings.
The endoplasm is knocked back by the sudden gust.
The iguana is knocked back by the sudden gust.
The iguana closely misses your butterfly.
The endoplasm freezes you.
You are frozen.
You die... ... ... .... blb.. #b.... #bbb. ##bb##b.. #@bbbbbb. ##Jb#b... ### .

You could see an iguana (resistant, ally target, vitrified) and an endoplasm (ally target).

Vanquished Creatures
  A bombardier beetle (D:2)
  An orc priest (D:4)
  Ijyb (D:3)
  An iguana (D:3)
  2 adders
  A ribbon worm (D:2)
  3 orcs
  6 endoplasms
  2 giant cockroaches
  4 goblins
  4 hobgoblins
  2 jackals (D:2)
  2 quokkas (D:2)
  6 ball pythons
  A frilled lizard (D:1)
  6 kobolds
  5 rats
48 creatures vanquished.

Notes
Turn   | Place    | Note
-------+----------+-------------------------------------------
     0 | D:1      | spaghetti the Naga Chaos Knight began the quest for the
                  | Orb.
     0 | D:1      | Reached XP level 1. HP: 21/21 MP: 1/1
    17 | D:1      | XOM: silly message
    69 | D:1      | XOM: 1-stop teleportation journey
   280 | D:1      | Reached skill level 1 in Stealth
   498 | D:1      | Found Asmam's Antique Armour Boutique.
   504 | D:1      | XOM: butterfly on damage
   510 | D:1      | Reached XP level 2. HP: 4/28 MP: 2/2
   582 | D:1      | XOM: stat loss: -1 Str (13/14)
   914 | D:2      | Reached skill level 2 in Stealth
  1061 | D:2      | Noticed a bombardier beetle
  1071 | D:2      | Killed a bombardier beetle
  1072 | D:2      | Reached skill level 3 in Stealth
  1072 | D:2      | Reached XP level 3. HP: 23/36 MP: 3/3
  1089 | D:2      | XOM: 2-stop teleportation journey
  1335 | D:2      | XOM: divination: magic mapping
  1705 | D:2      | Reached XP level 4. HP: 44/44 MP: 4/4
  1803 | D:2      | Reached skill level 4 in Stealth
  1978 | D:2      | XOM: silly message
  2086 | D:2      | XOM is BORED!
  2086 | D:2      | XOM: noise
  2120 | D:3      | XOM: silly message
  2246 | D:3      | Noticed Ijyb
  2254 | D:3      | XOM: enchant monster (good)
  2295 | D:3      | XOM: chaos upgrade
  2326 | D:3      | Killed Ijyb
  2327 | D:3      | Reached skill level 5 in Stealth
  2327 | D:3      | Reached XP level 5. HP: 23/51 MP: 5/5
  2579 | D:3      | XOM: god gift: weird runed staff {god gift}
  2757 | D:3      | XOM: scenery: create altars
  2865 | D:4      | XOM: scenery: 1 doors open
  2880 | D:5      | Entered Level 5 of the Dungeon
  2889 | D:5      | HP: 1/51 [frozen (4)]
  2891 | D:5      | Frozen to death by an endoplasm

Illustrated notes

Levels and vault maps discovered:
D:1:      dpeg_arrival_tiny_f, layout_basic, serial_shops, shop
D:2:      layout_basic
D:3:      layout_rooms, hex_large, uniq_ijyb
D:4:      layout_cave_pools, mainiacjoe_overflow_tiny_flanked,
          mainiacjoe_overflow_two_lobes, jmf_multi_god_temple, minivault_27
D:5:      layout_cave_pools, mainiacjoe_overflow_alcove_4,
          minmay_temple_entry_fiery, serial_shops, shop

Skill      XL: |  1  2  3  4 |
---------------+-------------+-----
Stealth        | 1 3 5 |  5.7
Fighting       | 4 |  4.8
Polearms       | |  3.0
Armour         | |  1.5
Dodging        | |  0.7

Action                     |  1- 3 |  4- 6 || total
---------------------------+-------+-------++-------
  Melee: Spear             |    16 |       ||    16
         Dagger            |    87 |    82 ||   169
         Punch             |     1 |       ||     1
         Unarmed           |       |    32 ||    32
         Club              |       |    37 ||    37
Ability: Spit Poison       |     3 |     5 ||     8
    Use: Potion            |     1 |     7 ||     8
         Scroll            |       |     1 ||     1
   Stab: Sleeping          |     1 |     3 ||     4
         Distracted        |       |     1 ||     1
 Armour: Leather armour    |    57 |    93 ||   150
         Skin              |       |    11 ||    11
  Dodge: Dodged            |    33 |    79 ||   112
